 Dungeon Crawl Stone Soup version 0.17.0-24-gcfadda4 (webtiles) character file.

314 oplop the Insei (level 6, -2/41 HPs)
             Began as an Octopode Transmuter on Nov 17, 2015.
             Slain by Eustachio
             ... wielding a +3 rapier of electrocution
              (8 damage)
             ... on level 4 of the Dungeon.
             The game lasted 00:07:28 (3804 turns).

oplop the Insei (Octopode Transmuter)               Turns: 3804, Time: 00:07:29

Health: -2/41      AC:  2    Str: 13    XL:     6   Next: 43%
Magic:  7/10       EV: 20    Int: 16    God:
Gold:   36         SH:  0    Dex: 18    Spells: 3 memorised, 5 levels left

rFire  . . .     SeeInvis .       - Unarmed
rCold  . . .     Clarity  .     (shield currently unavailable)
rNeg   . . .     SustAt   .     (helmet currently unavailable)
rPois  x         Gourm    +     r - amulet of the gourmand
rElec  .         Spirit   .     f - +3 ring of strength
rCorr  .         Warding  .     l - ring of wizardry
rMut   .         Stasis   .     (no ring)
MR     .....                    (no ring)
Stlth  ++........               (no ring)
                                (no ring)
                                (no ring)
                                (no ring)

@: spider-form, not resistant to hostile enchantments, unstealthy
A: almost no armour, amphibious, 8 rings, (constrict 8), (camouflage 0),
(gelatinous body 0)
a: End Transformation


You were on level 4 of the Dungeon.
You were full.
You were a venomous arachnid creature.
You visited 1 branch of the dungeon, and saw 4 of its levels.

You collected 159 gold pieces.
You spent 123 gold pieces at shops.

Inventory:

Missiles
 a - 37 arrows
Jewellery
 f - a +3 ring of strength (left front leg)
 l - a ring of wizardry (right front leg)
 r - an amulet of the gourmand (around neck)
 s - an uncursed amulet of faith
Scrolls
 d - a scroll of immolation {unknown}
 e - a scroll of amnesia {unknown}
 i - a scroll of enchant weapon
 j - a scroll of random uselessness {unknown}
 k - 2 scrolls of magic mapping
 m - 4 scrolls of teleportation
Potions
 g - a potion of lignification
 h - a potion of degeneration
 n - a potion of might
 o - a potion of beneficial mutation {unknown}
 t - 2 potions of brilliance {unknown}
 v - 3 potions of curing
 w - a potion of flight {unknown}
Books
 b - a book of Changes

   Spells                             Type                      Level
   a - Beastly Appendage              Transmutation                1
   b - Sticks to Snakes               Transmutation                2
   c - Spider Form                    Transmutation/Poison         3
   d - Ice Form                       Ice/Transmutation            4
   e - Blade Hands                    Transmutation                5
Comestibles
 c - 4 bread rations
 u - a beef jerky
 x - a fruit


   Skills:
 + Level 2.8 Fighting
 - Level 2.0 Dodging
 + Level 4.1 Unarmed Combat
 + Level 3.3 Spellcasting
 + Level 3.7 Transmutations
 - Level 2.2 Poison Magic


You had 5 spell levels left.
You knew the following spells:

 Your Spells              Type           Power        Failure   Level  Hunger
a - Beastly Appendage     Trmt           ##....       6%          1    None
b - Sticks to Snakes      Trmt           ##........   9%          2    ##.....
c - Spider Form           Trmt/Pois      ##........   16%         3    ###....


Dungeon Overview and Level Annotations

Branches:
Dungeon (4/15)
 Temple: D:4-7

Altars:
Ru
Sif Muna

Shops:
D:4 *

Annotations:
D:4 Eustachio


Innate Abilities, Weirdness & Mutations

You cannot wear most types of armour.
You are amphibious.
You can wear up to eight rings at the same time.
((You can use your tentacles to constrict eight enemies at once.))
((Your skin changes colour to match your surroundings (Stealth).))
((Your rubbery body absorbs attacks (AC +1).))


Message History

Eustachio is lightly wounded.
The bat hits you but does no damage. The bat closely misses you.
The river rat bites you. Eustachio closely misses you.
You hit Eustachio but do no damage.
Eustachio is lightly wounded.
The bat barely misses you. The bat hits you but does no damage.
The river rat misses you.
Eustachio hits you with a rapier of electrocution.
You are electrocuted!
You hit Eustachio.
Eustachio is moderately wounded.
The bat misses you. The bat closely misses you.
The river rat closely misses you. The worker ant bites you.
You hit Eustachio.
Eustachio is moderately wounded.
The bat misses you.
Eustachio hits you with a rapier of electrocution!
* * * LOW HITPOINT WARNING * * *
You are electrocuted!
You die...

..##.## <.........
........ ...... #...#
#+##+########...#######
......................#
.................r....#
................s@b...#
............###..a....#
...........##_##b.....#
..........###..##.....#
....###...#..#..####+##
....# #...#...#.# ....#
....#.#...#
....#.....##.#.## ....#
#...#.#


You could see Eustachio, a worker ant, a river rat and 2 bats.

Vanquished Creatures
  The ghost of Raultor the Insei, an amateur OpTm (D:3)
  Ijyb (D:2)
  An orc priest (D:3)
  An iguana (D:4)
  An orc wizard (D:3)
  2 adders (D:3)
  A gnoll (D:1)
  A worm (D:3)
  5 giant geckos
  8 orcs (D:3)
  7 bats
  4 giant cockroaches
  6 hobgoblins
  6 kobolds
  2 ball pythons
  3 giant newts
  18 goblins
  A quokka (D:2)
  5 rats
74 creatures vanquished.

Vanquished Creatures (collateral kills)
  A hobgoblin (D:3)
1 creature vanquished.

Grand Total: 75 creatures vanquished

Notes
Turn   | Place    | Note
--------------------------------------------------------------
     0 | D:1      | oplop the Octopode Transmuter began the quest for the Orb.
     0 | D:1      | Reached XP level 1. HP: 13/13 MP: 3/3
   345 | D:1      | Reached XP level 2. HP: 8/18 MP: 3/5
  1229 | D:1      | Learned a level 2 spell: Sticks to Snakes
  1234 | D:1      | Reached XP level 3. HP: 15/23 MP: 1/6
  1372 | D:1      | Learned a level 3 spell: Spider Form
  1727 | D:2      | Found a sacrificial altar of Ru.
  1878 | D:2      | Reached skill level 1 in Poison Magic
  2016 | D:2      | Noticed Ijyb
  2028 | D:2      | Reached XP level 4. HP: 26/29 MP: 1/7
  2038 | D:2      | Killed Ijyb
  2618 | D:3      | Reached XP level 5. HP: 17/34 MP: 1/9
  2919 | D:3      | Noticed Raultor's ghost (amateur OpTm)
  2951 | D:3      | Killed Raultor's ghost
  2951 | D:3      | Reached skill level 4 in Unarmed Combat
  2951 | D:3      | Reached XP level 6. HP: 10/41 MP: 2/10
  3476 | D:3      | Found a deep blue altar of Sif Muna.
  3604 | D:4      | Found Dureuk's General Store.
  3612 | D:4      | Bought a scroll of teleportation for 39 gold pieces
  3612 | D:4      | Bought a scroll of magic mapping for 45 gold pieces
  3612 | D:4      | Bought a potion of curing for 39 gold pieces
  3741 | D:4      | Found a sacrificial altar of Ru.
  3793 | D:4      | Noticed Eustachio
  3804 | D:4      | Slain by Eustachio

Action                   |  1- 3 |  4- 6 || total
-------------------------+-------+-------++-------
Melee: Unarmed           |    95 |    94 ||   189
 Cast: Beastly Appendage |    27 |    13 ||    40
       Sticks to Snakes  |     3 |     2 ||     5
       Spider Form       |     2 |     6 ||     8
  Use: Potion            |       |     4 ||     4
       Scroll            |       |     4 ||     4
 Stab: Sleeping          |     4 |     5 ||     9
  Eat: Chunk             |     4 |    11 ||    15
       Beef jerky        |       |     1 ||     1
